AoeStats
← Efthiron

MegaRandom

505008973Analyzed
1v1 RM · 26d ago on Sep 7, 2026· 47m 51s· 2 players
Game mode
Random Map
Map size
Tiny (2 player)
Population
200
Speed
Normal
Resources
Standard
Victory
Conquest
Starting age
Dark Age
Ending age
Imperial Age
RankedLock teamsTeams togetherTeam positionsShared explorationLock speedFull tech treeHidden civsTurbo modeCheats
Victory
Defeat
🇲🇽 Mongols · Mexico
1234
+17
🇦🇷 Malay · Argentina
1248
-17
Efthiron
5:27 Loom
10:50 Feudal Age
15:28 Castle Age
14:56 Bloodlines
15:18 Double-Bit Axe
15:49 Horse Collar
21:26 Scale Barding Armor
23:50 Chain Barding Armor
26:44 Town Watch
27:10 Gold Mining
30:11 Forging
31:53 Iron Casting
35:45 Bow Saw
36:14 Heavy Plow
38:16 Wheelbarrow
41:45 Imperial Age
39:48 Devotion
39:54 Stone Mining
40:10 Fletching
41:40 Hand Cart
42:43 Gold Shaft Mining
42:48 Conscription
42:37 Elite Steppe Lancer
43:21 Husbandry
43:33 Bodkin Arrow
43:25 Light Cavalry
45:53 Chemistry
46:02 Blast Furnace
44:51 Hussar
46:16 Stone Shaft Mining
46:12 Ballistics
46:42 Bracer
QangrY
5:51 Loom
11:22 Feudal Age
15:32 Castle Age
16:09 Double-Bit Axe
23:38 Forging
25:04 Squires
26:12 Iron Casting
42:22 Imperial Age
40:44 Wheelbarrow
41:56 Elite Karambit Warrior
44:44 Blast Furnace
43:56 Gold Mining
46:07 Gold Shaft Mining
Connection lost

Rejoining the realm…

Still unreachable

The connection could not be restored.

Session expired

The server has moved on; the page needs a fresh start.